 Dungeon Crawl Stone Soup version 0.19.4-9-g45fd643 (webtiles) character file.

59 pelusohot the Skirmisher (level 3, 0/29 HPs)
             Began as a Draconian Berserker on Feb 19, 2017.
             Was a Follower of Hepliaklqana.
             Slain by an orc (5 damage)
             ... on level 3 of the Dungeon.
             The game lasted 00:16:22 (2633 turns).

pelusohot the Skirmisher (Draconian Berserker)      Turns: 2633, Time: 00:16:23

Health: 0/29       AC:  5    Str: 20    XL:     3   Next: 78%
Magic:  3/3        EV: 13    Int:  7    God:    Hepliaklqana [*.....]
Gold:   118        SH:  3    Dex: 13    Spells: 0 memorised, 2 levels left

rFire  . . .     SeeInvis .     a - +0 mace
rCold  . . .     Gourm    .     (armour unavailable)
rNeg   . . .     Faith    .     (no shield)
rPois  .         Spirit   .     (helmet restricted)
rElec  .         Reflect  +     (no cloak)
rCorr  .         Harm     .     (no gloves)
MR     .....                    (no boots)
Stlth  ..........               D - +3 amulet of reflection
                                u - +3 ring of dexterity
                                n - ring of loudness (curse)

@: lethally poisoned (0 -> -2)
A: unfitting armour, reduced essence, cold-blooded, AC +5
a: Recall Ancestor, Ancestor Identity, Renounce Religion


You were on level 3 of the Dungeon.
You worshipped Hepliaklqana.
Hepliaklqana was aware of your devotion.
You were not hungry.

You visited 1 branch of the dungeon, and saw 3 of its levels.

You collected 118 gold pieces.

Inventory:

Hand Weapons
 a - a +0 mace (weapon)
 d - a +0 short sword
 e - a +0 whip
 i - a +0 dagger
 m - a +0 club
 s - a +0 short sword
Missiles
 c - 86 stones
 f - 86 arrows
 v - 3 poisoned javelins (quivered)
Armour
 h - a +0 ring mail
 o - a +0 robe
 w - a +0 leather armour
 x - a +0 ring mail
Jewellery
 n - a cursed ring of loudness (left hand)
 u - a +3 ring of dexterity (right hand)
 A - an uncursed ring of stealth
 D - a +3 amulet of reflection (around neck)
Scrolls
 k - 4 scrolls of identify
 l - a scroll of teleportation
 r - a scroll of fear {unknown}
 t - a scroll of enchant armour {unknown}
 y - a scroll of random uselessness {unknown}
 C - 2 scrolls of fog {unknown}
 E - a scroll of magic mapping {unknown}
Potions
 g - a potion of haste {unknown}
 j - 3 potions of curing {unknown}
 q - a potion of brilliance {unknown}
 z - a potion of flight {unknown}
 B - a potion of heal wounds {unknown}
Comestibles
 b - 2 bread rations
 p - 2 meat rations


   Skills:
 + Level 4.0 Fighting
 + Level 3.6 Maces & Flails
 + Level 0.1 Throwing
 + Level 3.2 Dodging
 + Level 0.4 Stealth


You had 2 spell levels left.
You didn't know any spells.

Dungeon Overview and Level Annotations

Branches:
Dungeon (3/15)

Altars:
Hepliaklqana
Okawaru
Qazlal
Uskayaw


Innate Abilities, Weirdness & Mutations

Your plain brown scales are hard. (AC +5)
You cannot fit into any form of body armour.
You are cold-blooded and may be slowed by cold attacks.
Your life essence is reduced. (-10% HP)


Message History

The adder is almost dead.
You feel sick. The adder closely misses you. The adder misses you.
You hit the adder.
You kill the adder!
The leopard gecko completely misses you.
You hit the leopard gecko.
You kill the leopard gecko!
You block the orc's attack.
You barely miss the orc.
You feel sick. You block the orc's attack.
You hit the orc.
The orc is moderately wounded.
The orc closely misses you.
You hit the orc.
Your tail-slap misses the orc.
The orc is heavily wounded.
The orc hits you.
* * * LOW HITPOINT WARNING * * *
You closely miss the orc.
The orc is heavily wounded.
The orc hits you.
You die...

### #<# .
#@# ...
####o#
.....#l.oo#
....o.)..o+
.....#....#
....
##.....# ..
#.....#
#.......
#....###.


You could see 4 orcs.

Vanquished Creatures
  2 adders
  3 leopard geckos
  3 orcs (D:3)
  2 giant cockroaches
  A goblin (D:2)
  4 hobgoblins
  A jackal (D:2)
  A quokka (D:2)
  3 bats
  2 frilled lizards (D:2)
  9 kobolds
  3 rats
  4 toadstools (D:1)
38 creatures vanquished.

Vanquished Creatures (collateral kills)
  A kobold (D:1)
1 creature vanquished.

Vanquished Creatures (others)
  An ancestor (D:3)
1 creature vanquished.

Grand Total: 40 creatures vanquished

Notes
Turn   | Place    | Note
-------+----------+-------------------------------------------
     0 | D:1      | pelusohot the Draconian Berserker began the quest for the Orb.
     0 | D:1      | Reached XP level 1. HP: 19/19 MP: 1/1
   874 | D:1      | Reached XP level 2. HP: 25/26 MP: 2/2
   888 | D:1      | You fall through a shaft!
  1505 | D:2      | Reached XP level 3. HP: 27/33 MP: 3/3
  2083 | D:2      | Found a faded altar of an unknown god.
  2083 | D:2      | Found a faded altar of an unknown god.
  2095 | D:2      | Found a faded altar of an unknown god.
  2098 | D:2      | Fell from the grace of Trog
  2098 | D:2      | Became a worshipper of Uskayaw the Reveler
  2098 | D:2      | Reached * piety under Uskayaw
  2109 | D:2      | Found a stormy altar of Qazlal.
  2111 | D:2      | Found a faded altar of an unknown god.
  2147 | D:2      | Fell from the grace of Uskayaw
  2147 | D:2      | Became a worshipper of Warmaster Okawaru
  2147 | D:2      | Reached * piety under Okawaru
  2155 | D:2      | Fell from the grace of Okawaru
  2155 | D:2      | Became a worshipper of Hepliaklqana the Forgotten
  2155 | D:2      | Reached * piety under Hepliaklqana
  2621 | D:3      | Reached skill level 4 in Fighting
  2633 | D:3      | Slain by an orc

Skill      XL: |  1  2  3 |
---------------+----------+-----
Dodging        | 3 |  3.2
Fighting       | 4 |  4.0
Maces & Flails | |  3.6
Throwing       | |  0.1
Stealth        | |  0.4

Action                   || total
-------------------------++-------
Melee: Mace              ||   100
       Tailslap          ||    13
Throw: Javelin           ||     6
  Use: Scroll            ||     1
  Eat: Beef jerky        ||     1
       Bread ration      ||     1
       Chunk             ||     1
Armor: Skin              ||    51
Dodge: Dodged            ||   102
Block: Other             ||     6
